Toronto St Pats vs London Knights
Created - Friday, June 9, 2023 at 07:03
Goals
|
| Toronto St Pats |
2 |
1 |
2 |
0 |
5 |
| London Knights |
2 |
2 |
1 |
1 |
6 |
|
Shots
|
| Toronto St Pats |
12 |
10 |
10 |
0 |
32 |
| London Knights |
11 |
8 |
11 |
1 |
31 |
|
1st period
1. Toronto St Pats , Warren Foegele 10 (Quinton Byfield 35, Liam Foudy 31) at 1:34
2. London Knights , Marco Rossi 12 (Jordan Oesterle 23, Evan Cormier) at 6:48
3. London Knights , Cameron Hughes 29 (Jan Jenik 34) at 9:02
4. Toronto St Pats , Brad Malone 18 (Jesse Puljujarvi 59, Rudolfs Balcers 48) at 15:13 (PP)
Penalties :
Jan Jenik (LKN) for Roughing (Double Minor) at 14:30, Christian Wolanin (LKN) for Unsportsmanlike conduct (Minor) at 19:36
2nd period
5. London Knights , Marco Rossi 13 (Jonathan Dahlen 38) at 1:38
6. Toronto St Pats , Liam Foudy 26 (Lassi Thomson 42, Quinton Byfield 36) at 17:37 (PP)
7. London Knights , Rasmus Kupari 25 (Jonathan Dahlen 39, Jordan Oesterle 24) at 18:22
Penalties :
Tyce Thompson (LKN) for Roughing (Minor) at 17:33
3rd period
8. London Knights , Rasmus Kupari 26 (Jonathan Dahlen 40, Tyce Thompson 39) at 3:35
9. Toronto St Pats , Rudolfs Balcers 39 (Jesse Puljujarvi 60) at 14:38 (PP)
10. Toronto St Pats , Jesse Puljujarvi 46 (Nikita Okhotyuk 11, Brad Malone 29) at 19:37
Penalties :
Tyce Thompson (LKN) for Hooking (Minor) at 14:03, Troy Stecher (LKN) for Cross-checking (Minor) at 15:00
Overtime #1
11. London Knights , Ethan Bear 12 (Jonathan Dahlen 41) at 0:04
Penalties :
No Penalty
Goalie Stats
Jakub Skarek (TSP), 25 saves from 31 shots - (0.806), OTL, 13-9-5, 59:24 minutes
Evan Cormier (LKN), 27 saves from 32 shots - (0.844), W, 9-12-4, 60:04 minutes
Players Stats for Toronto St Pats
Player Name G A P +/- PIM S H SB GA TA FO MP PP MP PK MP
------------------------------------------------------------------------------------
Antonio Stranges 0 0 0 1 0 0 0 0 0 0 0/0 8:33 0:00 0:00
Brad Malone 1 1 2 -1 0 7 3 1 1 0 16/25 19:23 3:40 0:00
Connor Dewar 0 0 0 -2 0 4 4 0 0 0 0/0 13:31 0:00 0:00
Glenn Gawdin 0 0 0 0 0 0 1 0 0 0 2/2 7:51 0:00 0:00
Ivan Lodnia 0 0 0 -2 0 0 3 0 0 0 0/0 13:28 0:00 0:00
Jake Leschyshyn 0 0 0 -2 0 1 1 0 0 0 5/11 13:31 0:00 0:00
Jesse Puljujarvi 1 2 3 -2 0 6 0 0 4 0 0/3 24:33 3:40 0:00
Lassi Thomson 0 1 1 -3 0 0 0 1 0 0 0/0 22:28 3:31 0:00
Liam Foudy 1 1 2 0 0 3 0 0 0 0 1/1 19:09 3:39 0:00
Lucas Carlsson 0 0 0 -2 0 1 1 0 0 0 0/0 21:38 3:48 0:00
Luke Henman 0 0 0 0 0 0 0 0 0 0 0/0 3:12 0:00 0:00
Nicolas Beaudin 0 0 0 1 0 0 1 0 0 1 0/0 15:58 0:00 0:00
Nikita Okhotyuk 0 1 1 1 0 0 1 0 0 0 0/0 15:58 0:00 0:00
Pierre-Olivier Joseph 0 0 0 -3 0 1 2 1 1 0 0/0 22:28 3:31 0:00
Quinton Byfield 0 2 2 0 0 2 2 0 2 1 8/12 19:09 3:39 0:00
Rudolfs Balcers 1 1 2 -3 0 4 2 1 2 0 0/0 18:39 3:40 0:00
Scott Perunovich 0 0 0 -2 0 0 1 1 1 1 0/0 21:38 3:48 0:00
Warren Foegele 1 0 1 0 0 3 0 1 0 1 0/0 19:09 3:39 0:00
Players Stats for London Knights
Player Name G A P +/- PIM S H SB GA TA FO MP PP MP PK MP
------------------------------------------------------------------------------------
Cameron Hughes 1 0 1 2 0 1 3 0 1 1 2/2 17:25 0:00 1:11
Christian Wolanin 0 0 0 3 2 0 2 3 0 0 0/0 18:43 0:00 2:35
Cole Koepke 0 0 0 0 0 1 0 1 0 0 0/0 8:27 0:00 0:00
Connor Bunnaman 0 0 0 -1 0 1 0 0 0 0 0/0 14:32 0:00 0:31
Curtis Douglas 0 0 0 0 0 1 2 1 0 0 3/10 17:30 0:00 0:00
Dominik Bokk 0 0 0 2 0 0 3 1 0 1 1/1 16:43 0:00 0:26
Ethan Bear 1 0 1 1 0 1 0 2 0 1 0/0 19:40 0:00 3:45
Jake Christiansen 0 0 0 1 0 0 0 0 1 0 0/0 9:01 0:00 0:30
Jan Jenik 0 1 1 3 4 3 2 0 0 0 6/14 18:17 0:00 2:10
Jonathan Dahlen 0 4 4 1 0 12 0 3 0 0 3/8 24:59 0:00 3:27
Jordan Oesterle 0 2 2 3 0 2 0 0 0 2 0/0 18:49 0:00 3:13
Marco Rossi 2 0 2 1 0 4 3 0 1 0 1/3 16:47 0:00 3:26
Rasmus Kupari 2 0 2 1 0 4 0 1 0 1 6/16 20:27 0:00 3:27
Sami Niku 0 0 0 0 0 0 0 0 0 1 0/0 12:51 0:00 0:00
Santeri Hatakka 0 0 0 0 0 0 0 1 0 0 0/0 14:30 0:00 1:39
Simon Lundmark 0 0 0 0 0 0 0 0 0 1 0/0 7:55 0:00 0:00
Troy Stecher 0 0 0 1 2 0 3 1 0 1 0/0 19:46 0:00 2:56
Tyce Thompson 0 1 1 1 4 1 1 1 1 2 0/0 16:30 0:00 0:00
3 Stars
1 - Marco Rossi (LKN)
2 - Jonathan Dahlen (LKN)
3 - Rasmus Kupari (LKN)
Power Play
Toronto St Pats - 3 on 6 Attempt(s) - 50.00%
London Knights - 0 on 0 Attempt(s) - 0.00%
Penalty Kill
Toronto St Pats - 0 on 0 Attempt(s) - 0.00%
- Score 0 goal in Penalty Kill
London Knights - 3 on 6 Attempt(s) - 50.00%
- Score 0 goal in Penalty Kill
Team Stat
Toronto St Pats - Hits : 22 - Faceoff Wins : 32 - Blocked Shots : 6 - Penalty Minutes : 0
London Knights - Hits : 19 - Faceoff Wins : 22 - Blocked Shots : 15 - Penalty Minutes : 12
Official
Referees : Dean Morton and Garrett Rank
Linesman : Jonny Murray and Pierre Racicot
Game Notes
No Game Note
Toronto St Pats
5 vs 5 Forward
Center Left Wing Right Wing Time % Phy DF OF
1 Brad Malone Rudolfs Balcers Jesse Puljujarvi 30 1 2 2
2 Quinton Byfield Warren Foegele Liam Foudy 30 1 2 2
3 Jake Leschyshyn Connor Dewar Ivan Lodnia 25 1 2 2
4 Glenn Gawdin Antonio Stranges Jesse Puljujarvi 15 1 2 2
5 vs 5 Defense
Defense Defense Time % Phy DF OF
1 Lassi Thomson Pierre-Olivier Joseph 35 1 2 2
2 Scott Perunovich Lucas Carlsson 35 1 2 2
3 Nikita Okhotyuk Nicolas Beaudin 30 1 2 2
4 Lassi Thomson Pierre-Olivier Joseph 0 1 2 2
PowerPlay Forward
Center Left Wing Right Wing Time % Phy DF OF
1 Brad Malone Rudolfs Balcers Jesse Puljujarvi 50 1 2 2
2 Quinton Byfield Warren Foegele Liam Foudy 50 1 2 2
PowerPlay Defense
Defense Defense Time % Phy DF OF
1 Lassi Thomson Pierre-Olivier Joseph 50 1 2 2
2 Scott Perunovich Lucas Carlsson 50 1 2 2
Penalty Kill 4 Players Forward
Center Wing Time % Phy DF OF
1 Jesse Puljujarvi Rudolfs Balcers 50 1 2 2
2 Warren Foegele Brad Malone 50 1 2 2
Penalty Kill 4 Players Defense
Defense Defense Time % Phy DF OF
1 Lassi Thomson Pierre-Olivier Joseph 50 1 2 2
2 Scott Perunovich Lucas Carlsson 50 1 2 2
Penalty Kill - 3 Players Forward
Forward Time % Phy DF OF
1 Jesse Puljujarvi 50 1 2 2
2 Rudolfs Balcers 50 1 2 2
Penalty Kill - 3 Players Defense
Defense Defense Time % Phy DF OF
1 Lassi Thomson Pierre-Olivier Joseph 50 1 2 2
2 Scott Perunovich Lucas Carlsson 50 1 2 2
4 vs 4 Forward
Center Wing Time % Phy DF OF
1 Jesse Puljujarvi Rudolfs Balcers 50 1 2 2
2 Warren Foegele Brad Malone 50 1 2 2
4 vs 4 Defense
Defense Defense Time % Phy DF OF
1 Lassi Thomson Pierre-Olivier Joseph 50 1 2 2
2 Scott Perunovich Lucas Carlsson 50 1 2 2
Last Minutes Offensive
Center Left Wing Right Wing Defense Defense
Brad Malone Rudolfs Balcers Jesse Puljujarvi Lassi Thomson Pierre-Olivier Joseph
Last Minutes Defensive
Center Left Wing Right Wing Defense Defense
Brad Malone Rudolfs Balcers Jesse Puljujarvi Lassi Thomson Pierre-Olivier Joseph
Goaltenders
Starting : Jakub Skarek
Backup : Jonathan Bernier
Extra Forwards
Normal : Luke Henman, Jake Leschyshyn, Connor Dewar - PP : Luke Henman, Jake Leschyshyn - PK : Connor Dewar
Extra Defensemen
Normal : Nikita Okhotyuk, Nicolas Beaudin, Scott Perunovich - PP : Nikita Okhotyuk - PK : Nicolas Beaudin, Scott Perunovich
Penalty Shots
Jesse Puljujarvi, Rudolfs Balcers, Warren Foegele, Brad Malone, Quinton Byfield
London Knights
5 vs 5 Forward
Center Left Wing Right Wing Time % Phy DF OF
1 Rasmus Kupari Jonathan Dahlen Tyce Thompson 30 1 2 2
2 Jan Jenik Cameron Hughes Dominik Bokk 30 1 2 2
3 Marco Rossi Connor Bunnaman Curtis Douglas 25 1 2 2
4 Curtis Douglas Cole Koepke Jonathan Dahlen 15 1 2 2
5 vs 5 Defense
Defense Defense Time % Phy DF OF
1 Ethan Bear Troy Stecher 30 1 2 2
2 Jordan Oesterle Christian Wolanin 30 1 2 2
3 Sami Niku Santeri Hatakka 25 1 2 2
4 Jake Christiansen Simon Lundmark 15 1 2 2
PowerPlay Forward
Center Left Wing Right Wing Time % Phy DF OF
1 Rasmus Kupari Jonathan Dahlen Tyce Thompson 50 1 2 2
2 Jan Jenik Cameron Hughes Dominik Bokk 50 1 2 2
PowerPlay Defense
Defense Defense Time % Phy DF OF
1 Ethan Bear Troy Stecher 50 1 2 2
2 Jordan Oesterle Christian Wolanin 50 1 2 2
Penalty Kill 4 Players Forward
Center Wing Time % Phy DF OF
1 Jonathan Dahlen Rasmus Kupari 50 1 2 2
2 Jan Jenik Marco Rossi 50 1 2 2
Penalty Kill 4 Players Defense
Defense Defense Time % Phy DF OF
1 Ethan Bear Troy Stecher 50 1 2 2
2 Jordan Oesterle Christian Wolanin 50 1 2 2
Penalty Kill - 3 Players Forward
Forward Time % Phy DF OF
1 Jonathan Dahlen 50 1 2 2
2 Rasmus Kupari 50 1 2 2
Penalty Kill - 3 Players Defense
Defense Defense Time % Phy DF OF
1 Ethan Bear Troy Stecher 50 1 2 2
2 Jordan Oesterle Christian Wolanin 50 1 2 2
4 vs 4 Forward
Center Wing Time % Phy DF OF
1 Jonathan Dahlen Rasmus Kupari 50 1 2 2
2 Jan Jenik Marco Rossi 50 1 2 2
4 vs 4 Defense
Defense Defense Time % Phy DF OF
1 Ethan Bear Troy Stecher 50 1 2 2
2 Jordan Oesterle Christian Wolanin 50 1 2 2
Last Minutes Offensive
Center Left Wing Right Wing Defense Defense
Rasmus Kupari Jonathan Dahlen Tyce Thompson Ethan Bear Troy Stecher
Last Minutes Defensive
Center Left Wing Right Wing Defense Defense
Rasmus Kupari Jonathan Dahlen Tyce Thompson Ethan Bear Troy Stecher
Goaltenders
Starting : Evan Cormier
Backup : Michael Hutchinson
Extra Forwards
Normal : Connor Bunnaman, Cole Koepke, Cameron Hughes - PP : Connor Bunnaman, Cole Koepke - PK : Cameron Hughes
Extra Defensemen
Normal : Sami Niku, Santeri Hatakka, Jake Christiansen - PP : Sami Niku - PK : Santeri Hatakka, Jake Christiansen
Penalty Shots
Jonathan Dahlen, Rasmus Kupari, Jan Jenik, Marco Rossi, Cameron Hughes
% Time on Ice - Toronto St Pats
Lines # - Real PCT - Wanted PCT - Time Play
Normal Forward
1 - 28% - 30% - 14:28
2 - 32% - 30% - 16:33
3 - 25% - 25% - 13:07
4 - 15% - 15% - 7:40
Normal Defense
1 - 35% - 35% - 17:59
2 - 34% - 35% - 17:50
3 - 30% - 30% - 15:24
4 - 1% - 0% - 0:35
PP Forward
1 - 50% - 50% - 3:40
2 - 50% - 50% - 3:39
PP Defense
1 - 48% - 50% - 3:31
2 - 52% - 50% - 3:48
PK Forward
1 - 0% - 50%
2 - 0% - 50%
PK Defense
1 - 0% - 50%
2 - 0% - 50%
PK3 Forward
1 - 0% - 50%
2 - 0% - 50%
PK3 Defense
1 - 0% - 50%
2 - 0% - 50%
44 Forward
1 - 100% - 50% - 0:04
2 - 0% - 50% - 0:00
44 Defense
1 - 100% - 50% - 0:04
2 - 0% - 50% - 0:00
Last Minute Offensive - 0:53
Last Minute Defensive - 0:00
Total
Forward - 60:04
Defense - 60:04
|
% Time on Ice - London Knights
Lines # - Real PCT - Wanted PCT - Time Play
Normal Forward
1 - 29% - 30% - 15:11
2 - 33% - 30% - 16:59
3 - 24% - 25% - 12:39
4 - 13% - 15% - 6:59
Normal Defense
1 - 31% - 30% - 15:58
2 - 30% - 30% - 15:36
3 - 25% - 25% - 12:51
4 - 14% - 15% - 7:23
PP Forward
1 - 0% - 50%
2 - 0% - 50%
PP Defense
1 - 0% - 50%
2 - 0% - 50%
PK Forward
1 - 47% - 50% - 3:27
2 - 53% - 50% - 3:52
PK Defense
1 - 56% - 50% - 4:06
2 - 44% - 50% - 3:13
PK3 Forward
1 - 0% - 50%
2 - 0% - 50%
PK3 Defense
1 - 0% - 50%
2 - 0% - 50%
44 Forward
1 - 100% - 50% - 0:04
2 - 0% - 50% - 0:00
44 Defense
1 - 100% - 50% - 0:04
2 - 0% - 50% - 0:00
Last Minute Offensive - 0:00
Last Minute Defensive - 0:53
Total
Forward - 60:04
Defense - 60:04
|
Play-by-Play
1st period
0:01 of 1st period - Brad Malone wins face-off versus Rasmus Kupari in neutral zone.
0:16 of 1st period - Pierre-Olivier Joseph is hit by Troy Stecher and loses puck.
0:27 of 1st period - Ethan Bear is hit by Pierre-Olivier Joseph and loses puck.
0:34 of 1st period - Snap shot by Quinton Byfield.
0:34 of 1st period - Shot Misses the Net.
0:52 of 1st period - Ethan Bear is hit by Connor Dewar and loses puck.
1:32 of 1st period - Wrist shot by Quinton Byfield.
1:32 of 1st period - Stopped by Evan Cormier with a rebound.
1:34 of 1st period - Snap shot by Warren Foegele.
1:34 of 1st period - Goal by Warren Foegele - Toronto St Pats : 1 - London Knights : 0.
1:35 of 1st period - Jan Jenik wins face-off versus Brad Malone in neutral zone.
1:54 of 1st period - Rudolfs Balcers is hit by Dominik Bokk and loses puck.
4:50 of 1st period - Off-side.
4:51 of 1st period - Glenn Gawdin wins face-off versus Rasmus Kupari in neutral zone.
4:54 of 1st period - Snap shot by Jesse Puljujarvi.
4:54 of 1st period - Shot Misses the Net.
5:10 of 1st period - Wrist shot by Jan Jenik.
5:10 of 1st period - Stopped by Jakub Skarek without a rebound.
5:11 of 1st period - Jan Jenik wins face-off versus Jake Leschyshyn in Toronto St Pats zone.
5:36 of 1st period - Liam Foudy is hit by Marco Rossi and loses puck.
5:45 of 1st period - Wrist shot by Marco Rossi.
5:45 of 1st period - Deflect By Curtis Douglas.
5:45 of 1st period - Shot Misses the Net.
5:45 of 1st period - Puck is out of play.
5:46 of 1st period - Brad Malone wins face-off versus Curtis Douglas in Toronto St Pats zone.
5:51 of 1st period - Rudolfs Balcers is hit by Curtis Douglas and loses puck.
5:58 of 1st period - Wrist shot by Curtis Douglas.
5:58 of 1st period - Stopped by Jakub Skarek with a rebound.
6:02 of 1st period - Slapshot by Jonathan Dahlen.
6:02 of 1st period - Stopped by Jakub Skarek without a rebound.
6:03 of 1st period - Quinton Byfield wins face-off versus Rasmus Kupari in Toronto St Pats zone.
6:16 of 1st period - Wrist shot by Rasmus Kupari.
6:16 of 1st period - Shot Blocked by Pierre-Olivier Joseph.
6:18 of 1st period - Backhand shot by Jonathan Dahlen.
6:18 of 1st period - Stopped by Jakub Skarek with a rebound.
6:48 of 1st period - Wrist shot by Marco Rossi.
6:48 of 1st period - Goal by Marco Rossi - Toronto St Pats : 1 - London Knights : 1.
6:49 of 1st period - Brad Malone wins face-off versus Curtis Douglas in neutral zone.
7:14 of 1st period - Jan Jenik is hit by Lucas Carlsson and loses puck.
8:00 of 1st period - Off-side.
8:01 of 1st period - Quinton Byfield wins face-off versus Jan Jenik in neutral zone.
8:04 of 1st period - Wrist shot by Liam Foudy.
8:04 of 1st period - Stopped by Evan Cormier with a rebound.
8:12 of 1st period - Snap shot by Jan Jenik.
8:12 of 1st period - Stopped by Jakub Skarek without a rebound.
8:13 of 1st period - Rasmus Kupari wins face-off versus Brad Malone in Toronto St Pats zone.
8:16 of 1st period - Snap shot by Tyce Thompson.
8:16 of 1st period - Stopped by Jakub Skarek with a rebound.
8:45 of 1st period - Wrist shot by Curtis Douglas.
8:45 of 1st period - Deflect By Connor Bunnaman.
8:45 of 1st period - Shot Blocked by Lassi Thomson.
8:45 of 1st period - Puck is out of play.
8:46 of 1st period - Quinton Byfield wins face-off versus Jan Jenik in Toronto St Pats zone.
8:46 of 1st period - Quinton Byfield is hit by Cameron Hughes.
9:02 of 1st period - Wrist shot by Cameron Hughes.
9:02 of 1st period - Goal by Cameron Hughes - Toronto St Pats : 1 - London Knights : 2.
9:03 of 1st period - Curtis Douglas wins face-off versus Brad Malone in neutral zone.
9:12 of 1st period - Snap shot by Jonathan Dahlen.
9:12 of 1st period - Stopped by Jakub Skarek without a rebound.
9:13 of 1st period - Brad Malone wins face-off versus Curtis Douglas in Toronto St Pats zone.
9:55 of 1st period - Wrist shot by Jesse Puljujarvi.
9:55 of 1st period - Stopped by Evan Cormier with a rebound.
9:57 of 1st period - Snap shot by Brad Malone.
9:57 of 1st period - Stopped by Evan Cormier without a rebound.
9:58 of 1st period - Jan Jenik wins face-off versus Jake Leschyshyn in London Knights zone.
10:31 of 1st period - Off-side.
10:32 of 1st period - Marco Rossi wins face-off versus Jake Leschyshyn in neutral zone.
11:17 of 1st period - Snap shot by Glenn Gawdin.
11:17 of 1st period - Shot Blocked by Rasmus Kupari.
11:23 of 1st period - Slapshot by Glenn Gawdin.
11:23 of 1st period - Shot Blocked by Santeri Hatakka.
11:25 of 1st period - Slapshot by Glenn Gawdin.
11:25 of 1st period - Shot Misses the Net.
11:35 of 1st period - Wrist shot by Marco Rossi.
11:35 of 1st period - Shot Misses the Net.
12:09 of 1st period - Rudolfs Balcers is hit by Curtis Douglas and loses puck.
12:16 of 1st period - Snap shot by Rudolfs Balcers.
12:16 of 1st period - Deflect By Brad Malone.
12:16 of 1st period - Stopped by Evan Cormier without a rebound.
12:17 of 1st period - Jan Jenik wins face-off versus Jake Leschyshyn in London Knights zone.
13:15 of 1st period - Snap shot by Jan Jenik.
13:15 of 1st period - Stopped by Jakub Skarek without a rebound.
13:16 of 1st period - Jan Jenik wins face-off versus Brad Malone in Toronto St Pats zone.
13:41 of 1st period - Rasmus Kupari is hit by Ivan Lodnia.
13:45 of 1st period - Snap shot by Jake Leschyshyn.
13:45 of 1st period - Shot Blocked by Jonathan Dahlen.
13:47 of 1st period - Wrist shot by Connor Dewar.
13:47 of 1st period - Stopped by Evan Cormier with a rebound.
13:49 of 1st period - Wrist shot by Connor Dewar.
13:49 of 1st period - Stopped by Evan Cormier without a rebound.
13:50 of 1st period - Jake Leschyshyn wins face-off versus Marco Rossi in London Knights zone.
14:23 of 1st period - Snap shot by Jesse Puljujarvi.
14:23 of 1st period - Stopped by Evan Cormier without a rebound.
14:24 of 1st period - Brad Malone wins face-off versus Jan Jenik in London Knights zone.
14:30 of 1st period - Double Minor Penalty to Jan Jenik for Roughing.
14:31 of 1st period - Brad Malone wins face-off versus Jonathan Dahlen in London Knights zone.
15:07 of 1st period - Slapshot by Rudolfs Balcers.
15:07 of 1st period - Shot Blocked by Christian Wolanin.
15:09 of 1st period - Snap shot by Jesse Puljujarvi.
15:09 of 1st period - Stopped by Evan Cormier with a rebound.
15:11 of 1st period - Wrist shot by Brad Malone.
15:11 of 1st period - Stopped by Evan Cormier with a rebound.
15:13 of 1st period - Wrist shot by Brad Malone.
15:13 of 1st period - Goal by Brad Malone - Toronto St Pats : 2 - London Knights : 2.
15:14 of 1st period - Cameron Hughes wins face-off versus Quinton Byfield in neutral zone.
15:24 of 1st period - Wrist shot by Marco Rossi.
15:24 of 1st period - Stopped by Jakub Skarek with a rebound.
15:26 of 1st period - Backhand shot by Jordan Oesterle.
15:26 of 1st period - Deflect By Marco Rossi.
15:26 of 1st period - Shot Misses the Net.
15:26 of 1st period - Puck is out of play.
15:27 of 1st period - Cameron Hughes wins face-off versus Quinton Byfield in Toronto St Pats zone.
15:30 of 1st period - Snap shot by Marco Rossi.
15:30 of 1st period - Shot Blocked by Warren Foegele.
15:40 of 1st period - Wrist shot by Quinton Byfield.
15:40 of 1st period - Shot Blocked by Troy Stecher.
15:42 of 1st period - Snap shot by Quinton Byfield.
15:42 of 1st period - Shot Blocked by Ethan Bear.
17:09 of 1st period - Quinton Byfield is hit by Dominik Bokk and loses puck.
17:13 of 1st period - Penalty to Jan Jenik is over, Jan Jenik is back on ice.
17:20 of 1st period - Santeri Hatakka is hit by Connor Dewar and loses puck.
17:47 of 1st period - Snap shot by Cameron Hughes.
17:47 of 1st period - Deflect By Dominik Bokk.
17:47 of 1st period - Shot Misses the Net.
17:47 of 1st period - Puck is out of play.
17:48 of 1st period - Dominik Bokk wins face-off versus Jake Leschyshyn in Toronto St Pats zone.
19:17 of 1st period - Jake Leschyshyn is hit by Tyce Thompson and loses puck.
19:36 of 1st period - Minor Penalty to Christian Wolanin for Unsportsmanlike conduct.
19:37 of 1st period - Quinton Byfield wins face-off versus Jonathan Dahlen in London Knights zone.
Goals for this period are 2 for Toronto St Pats vs 2 for London Knights.
Shots for this period are 12 for Toronto St Pats vs 11 for London Knights.
2nd period
0:01 of 2nd period - Brad Malone wins face-off versus Jonathan Dahlen in neutral zone.
0:13 of 2nd period - Snap shot by Rudolfs Balcers.
0:13 of 2nd period - Shot Misses the Net.
1:36 of 2nd period - Penalty to Christian Wolanin is over, Christian Wolanin is back on ice.
1:38 of 2nd period - Snap shot by Marco Rossi.
1:38 of 2nd period - Goal by Marco Rossi - Toronto St Pats : 2 - London Knights : 3.
1:39 of 2nd period - Quinton Byfield wins face-off versus Marco Rossi in neutral zone.
2:17 of 2nd period - Backhand shot by Jonathan Dahlen.
2:17 of 2nd period - Stopped by Jakub Skarek without a rebound.
2:18 of 2nd period - Jake Leschyshyn wins face-off versus Jan Jenik in Toronto St Pats zone.
2:18 of 2nd period - Jake Leschyshyn is hit by Jan Jenik.
2:52 of 2nd period - Wrist shot by Brad Malone.
2:52 of 2nd period - Stopped by Evan Cormier with a rebound.
3:08 of 2nd period - Christian Wolanin is hit by Nikita Okhotyuk and loses puck.
3:15 of 2nd period - Quinton Byfield is hit by Marco Rossi and loses puck.
3:35 of 2nd period - Snap shot by Marco Rossi.
3:35 of 2nd period - Shot Misses the Net.
3:56 of 2nd period - Snap shot by Warren Foegele.
3:56 of 2nd period - Stopped by Evan Cormier with a rebound.
3:58 of 2nd period - Snap shot by Liam Foudy.
3:58 of 2nd period - Stopped by Evan Cormier without a rebound.
3:59 of 2nd period - Brad Malone wins face-off versus Rasmus Kupari in London Knights zone.
4:25 of 2nd period - Rudolfs Balcers is hit by Dominik Bokk and loses puck.
4:58 of 2nd period - Snap shot by Brad Malone.
4:58 of 2nd period - Deflect By Tyce Thompson.
4:58 of 2nd period - Stopped by Evan Cormier with a rebound.
5:00 of 2nd period - Wrist shot by Rudolfs Balcers.
5:00 of 2nd period - Stopped by Evan Cormier with a rebound.
5:02 of 2nd period - Snap shot by Brad Malone.
5:02 of 2nd period - Deflect By Jesse Puljujarvi.
5:02 of 2nd period - Shot Blocked by Jonathan Dahlen.
5:02 of 2nd period - Puck is out of play.
5:03 of 2nd period - Jake Leschyshyn wins face-off versus Jan Jenik in London Knights zone.
5:38 of 2nd period - Liam Foudy is hit by Christian Wolanin and loses puck.
8:04 of 2nd period - Ethan Bear is hit by Ivan Lodnia and loses puck.
8:15 of 2nd period - Glenn Gawdin is hit by Cameron Hughes and loses puck.
8:50 of 2nd period - Snap shot by Brad Malone.
8:50 of 2nd period - Shot Misses the Net.
9:26 of 2nd period - Snap shot by Marco Rossi.
9:26 of 2nd period - Deflect By Connor Bunnaman.
9:26 of 2nd period - Stopped by Jakub Skarek with a rebound.
9:42 of 2nd period - Ivan Lodnia is hit by Marco Rossi and loses puck.
11:18 of 2nd period - Slapshot by Scott Perunovich.
11:18 of 2nd period - Deflect By Connor Dewar.
11:18 of 2nd period - Stopped by Evan Cormier with a rebound.
12:18 of 2nd period - Cameron Hughes is hit by Rudolfs Balcers and loses puck.
13:34 of 2nd period - Marco Rossi is hit by Brad Malone and loses puck.
14:56 of 2nd period - Slapshot by Pierre-Olivier Joseph.
14:56 of 2nd period - Stopped by Evan Cormier without a rebound.
14:57 of 2nd period - Rasmus Kupari wins face-off versus Brad Malone in London Knights zone.
15:11 of 2nd period - Icing by Jesse Puljujarvi.
15:12 of 2nd period - Liam Foudy wins face-off versus Curtis Douglas in Toronto St Pats zone.
15:12 of 2nd period - Liam Foudy is hit by Christian Wolanin.
15:46 of 2nd period - Wrist shot by Liam Foudy.
15:46 of 2nd period - Shot Blocked by Christian Wolanin.
15:58 of 2nd period - Jesse Puljujarvi is hit by Troy Stecher and loses puck.
16:15 of 2nd period - Jake Leschyshyn is hit by Jan Jenik and loses puck.
16:57 of 2nd period - Dominik Bokk is hit by Brad Malone and loses puck.
17:12 of 2nd period - Snap shot by Jake Leschyshyn.
17:12 of 2nd period - Stopped by Evan Cormier with a rebound.
17:33 of 2nd period - Minor Penalty to Tyce Thompson for Roughing.
17:34 of 2nd period - Quinton Byfield wins face-off versus Jan Jenik in London Knights zone.
17:37 of 2nd period - Snap shot by Liam Foudy.
17:37 of 2nd period - Goal by Liam Foudy - Toronto St Pats : 3 - London Knights : 3.
17:38 of 2nd period - Brad Malone wins face-off versus Rasmus Kupari in neutral zone.
17:45 of 2nd period - Wrist shot by Rasmus Kupari.
17:45 of 2nd period - Stopped by Jakub Skarek without a rebound.
17:46 of 2nd period - Rasmus Kupari wins face-off versus Brad Malone in Toronto St Pats zone.
18:00 of 2nd period - Wrist shot by Jonathan Dahlen.
18:00 of 2nd period - Shot Misses the Net.
18:10 of 2nd period - Snap shot by Jonathan Dahlen.
18:10 of 2nd period - Shot Blocked by Rudolfs Balcers.
18:12 of 2nd period - Snap shot by Rasmus Kupari.
18:12 of 2nd period - Shot Misses the Net.
18:14 of 2nd period - Snap shot by Rasmus Kupari.
18:14 of 2nd period - Stopped by Jakub Skarek with a rebound.
18:16 of 2nd period - Snap shot by Jordan Oesterle.
18:16 of 2nd period - Stopped by Jakub Skarek with a rebound.
18:18 of 2nd period - Slapshot by Jordan Oesterle.
18:18 of 2nd period - Shot Blocked by Brad Malone.
18:20 of 2nd period - Wrist shot by Rasmus Kupari.
18:20 of 2nd period - Deflect By Jonathan Dahlen.
18:20 of 2nd period - Stopped by Jakub Skarek with a rebound.
18:22 of 2nd period - Wrist shot by Rasmus Kupari.
18:22 of 2nd period - Goal by Rasmus Kupari - Toronto St Pats : 3 - London Knights : 4.
18:23 of 2nd period - Quinton Byfield wins face-off versus Jan Jenik in neutral zone.
18:49 of 2nd period - Ethan Bear is hit by Jake Leschyshyn.
19:01 of 2nd period - Slapshot by Jonathan Dahlen.
19:01 of 2nd period - Shot Blocked by Scott Perunovich.
19:11 of 2nd period - Wrist shot by Rudolfs Balcers.
19:11 of 2nd period - Stopped by Evan Cormier with a rebound.
Goals for this period are 1 for Toronto St Pats vs 2 for London Knights.
Shots for this period are 10 for Toronto St Pats vs 8 for London Knights.
3rd period
0:01 of 3rd period - Rasmus Kupari wins face-off versus Jesse Puljujarvi in neutral zone.
0:09 of 3rd period - Slapshot by Rasmus Kupari.
0:09 of 3rd period - Shot Misses the Net.
0:13 of 3rd period - Snap shot by Jonathan Dahlen.
0:13 of 3rd period - Shot Misses the Net.
0:15 of 3rd period - Slapshot by Ethan Bear.
0:15 of 3rd period - Deflect By Tyce Thompson.
0:15 of 3rd period - Shot Misses the Net.
0:15 of 3rd period - Puck is out of play.
0:16 of 3rd period - Quinton Byfield wins face-off versus Jan Jenik in Toronto St Pats zone.
0:25 of 3rd period - Snap shot by Warren Foegele.
0:25 of 3rd period - Shot Blocked by Dominik Bokk.
0:27 of 3rd period - Snap shot by Lassi Thomson.
0:27 of 3rd period - Shot Misses the Net.
0:31 of 3rd period - Snap shot by Quinton Byfield.
0:31 of 3rd period - Stopped by Evan Cormier without a rebound.
0:32 of 3rd period - Brad Malone wins face-off versus Rasmus Kupari in London Knights zone.
0:37 of 3rd period - Wrist shot by Jesse Puljujarvi.
0:37 of 3rd period - Stopped by Evan Cormier with a rebound.
0:39 of 3rd period - Snap shot by Scott Perunovich.
0:39 of 3rd period - Shot Blocked by Ethan Bear.
0:41 of 3rd period - Wrist shot by Brad Malone.
0:41 of 3rd period - Shot Misses the Net.
1:40 of 3rd period - Tyce Thompson is hit by Pierre-Olivier Joseph and loses puck.
2:01 of 3rd period - Dominik Bokk is hit by Brad Malone and loses puck.
2:26 of 3rd period - Troy Stecher is hit by Connor Dewar and loses puck.
3:27 of 3rd period - Icing by Scott Perunovich.
3:28 of 3rd period - Jake Leschyshyn wins face-off versus Rasmus Kupari in Toronto St Pats zone.
3:33 of 3rd period - Snap shot by Jonathan Dahlen.
3:33 of 3rd period - Stopped by Jakub Skarek with a rebound.
3:35 of 3rd period - Wrist shot by Rasmus Kupari.
3:35 of 3rd period - Goal by Rasmus Kupari - Toronto St Pats : 3 - London Knights : 5.
3:36 of 3rd period - Brad Malone wins face-off versus Rasmus Kupari in neutral zone.
4:49 of 3rd period - Off-side.
4:50 of 3rd period - Rasmus Kupari wins face-off versus Brad Malone in neutral zone.
4:53 of 3rd period - Wrist shot by Jonathan Dahlen.
4:53 of 3rd period - Stopped by Jakub Skarek without a rebound.
4:54 of 3rd period - Brad Malone wins face-off versus Rasmus Kupari in Toronto St Pats zone.
4:59 of 3rd period - Snap shot by Jonathan Dahlen.
4:59 of 3rd period - Stopped by Jakub Skarek without a rebound.
5:00 of 3rd period - Rasmus Kupari wins face-off versus Jesse Puljujarvi in Toronto St Pats zone.
5:01 of 3rd period - Snap shot by Jonathan Dahlen.
5:01 of 3rd period - Shot Misses the Net.
5:32 of 3rd period - Snap shot by Jan Jenik.
5:32 of 3rd period - Shot Misses the Net.
5:50 of 3rd period - Jordan Oesterle is hit by Quinton Byfield and loses puck.
6:15 of 3rd period - Slapshot by Glenn Gawdin.
6:15 of 3rd period - Deflect By Jesse Puljujarvi.
6:15 of 3rd period - Shot Misses the Net.
6:15 of 3rd period - Puck is out of play.
6:16 of 3rd period - Glenn Gawdin wins face-off versus Jonathan Dahlen in London Knights zone.
6:25 of 3rd period - Wrist shot by Jesse Puljujarvi.
6:25 of 3rd period - Deflect By Jonathan Dahlen.
6:25 of 3rd period - Shot Misses the Net.
6:25 of 3rd period - Puck is out of play.
6:26 of 3rd period - Brad Malone wins face-off versus Curtis Douglas in London Knights zone.
6:40 of 3rd period - Snap shot by Cole Koepke.
6:40 of 3rd period - Stopped by Jakub Skarek with a rebound.
6:42 of 3rd period - Snap shot by Jonathan Dahlen.
6:42 of 3rd period - Stopped by Jakub Skarek with a rebound.
7:11 of 3rd period - Off-side.
7:12 of 3rd period - Jonathan Dahlen wins face-off versus Jake Leschyshyn in neutral zone.
7:20 of 3rd period - Snap shot by Jonathan Dahlen.
7:20 of 3rd period - Stopped by Jakub Skarek with a rebound.
7:24 of 3rd period - Wrist shot by Jonathan Dahlen.
7:24 of 3rd period - Stopped by Jakub Skarek with a rebound.
7:26 of 3rd period - Snap shot by Jonathan Dahlen.
7:26 of 3rd period - Shot Misses the Net.
7:40 of 3rd period - Connor Bunnaman is hit by Scott Perunovich and loses puck.
8:05 of 3rd period - Wrist shot by Marco Rossi.
8:05 of 3rd period - Stopped by Jakub Skarek with a rebound.
8:28 of 3rd period - Slapshot by Connor Dewar.
8:28 of 3rd period - Shot Blocked by Tyce Thompson.
9:03 of 3rd period - Icing by Jesse Puljujarvi.
9:04 of 3rd period - Brad Malone wins face-off versus Curtis Douglas in Toronto St Pats zone.
9:13 of 3rd period - Slapshot by Lassi Thomson.
9:13 of 3rd period - Shot Blocked by Cole Koepke.
9:25 of 3rd period - Lassi Thomson is hit by Cameron Hughes and loses puck.
10:03 of 3rd period - Snap shot by Jordan Oesterle.
10:03 of 3rd period - Stopped by Jakub Skarek with a rebound.
10:20 of 3rd period - Christian Wolanin is hit by Glenn Gawdin and loses puck.
10:33 of 3rd period - Slapshot by Warren Foegele.
10:33 of 3rd period - Stopped by Evan Cormier with a rebound.
10:37 of 3rd period - Snap shot by Quinton Byfield.
10:37 of 3rd period - Shot Blocked by Curtis Douglas.
10:47 of 3rd period - Christian Wolanin is hit by Ivan Lodnia and loses puck.
13:30 of 3rd period - Dominik Bokk is hit by Quinton Byfield and loses puck.
13:43 of 3rd period - Simon Lundmark is hit by Nicolas Beaudin and loses puck.
14:03 of 3rd period - Minor Penalty to Tyce Thompson for Hooking.
14:04 of 3rd period - Jonathan Dahlen wins face-off versus Quinton Byfield in London Knights zone.
14:33 of 3rd period - Marco Rossi is hit by Rudolfs Balcers and loses puck.
14:38 of 3rd period - Wrist shot by Rudolfs Balcers.
14:38 of 3rd period - Goal by Rudolfs Balcers - Toronto St Pats : 4 - London Knights : 5.
14:39 of 3rd period - Curtis Douglas wins face-off versus Brad Malone in neutral zone.
14:43 of 3rd period - Off-side.
14:44 of 3rd period - Curtis Douglas wins face-off versus Brad Malone in neutral zone.
14:51 of 3rd period - Snap shot by Jesse Puljujarvi.
14:51 of 3rd period - Stopped by Evan Cormier with a rebound.
14:53 of 3rd period - Slapshot by Jesse Puljujarvi.
14:53 of 3rd period - Shot Blocked by Jonathan Dahlen.
14:55 of 3rd period - Wrist shot by Rudolfs Balcers.
14:55 of 3rd period - Stopped by Evan Cormier with a rebound.
14:57 of 3rd period - Slapshot by Lucas Carlsson.
14:57 of 3rd period - Stopped by Evan Cormier without a rebound.
14:58 of 3rd period - Jan Jenik wins face-off versus Quinton Byfield in London Knights zone.
15:00 of 3rd period - Minor Penalty to Troy Stecher for Cross-checking.
15:01 of 3rd period - Brad Malone wins face-off versus Jonathan Dahlen in London Knights zone.
17:00 of 3rd period - Penalty to Troy Stecher is over, Troy Stecher is back on ice.
17:11 of 3rd period - Wrist shot by Connor Dewar.
17:11 of 3rd period - Stopped by Evan Cormier with a rebound.
17:13 of 3rd period - Slapshot by Scott Perunovich.
17:13 of 3rd period - Shot Blocked by Christian Wolanin.
17:15 of 3rd period - Slapshot by Scott Perunovich.
17:15 of 3rd period - Shot Misses the Net.
17:17 of 3rd period - Slapshot by Lucas Carlsson.
17:17 of 3rd period - Shot Misses the Net.
18:52 of 3rd period - Toronto St Pats, Jakub Skarek is pulled from the net.
19:02 of 3rd period - Jesse Puljujarvi is hit by Troy Stecher and loses puck.
19:16 of 3rd period - Snap shot by Rasmus Kupari.
19:16 of 3rd period - Deflect By Troy Stecher.
19:16 of 3rd period - Shot Misses the Net.
19:16 of 3rd period - Puck is out of play.
19:17 of 3rd period - Glen Gulutzan call a timeout for Toronto St Pats.
19:17 of 3rd period - Jakub Skarek from Toronto St Pats was sent back in the game.
19:17 of 3rd period - Brad Malone wins face-off versus Rasmus Kupari in Toronto St Pats zone.
19:22 of 3rd period - Toronto St Pats, Jakub Skarek is pulled from the net.
19:25 of 3rd period - Snap shot by Nikita Okhotyuk.
19:25 of 3rd period - Shot Misses the Net.
19:27 of 3rd period - Wrist shot by Brad Malone.
19:27 of 3rd period - Stopped by Evan Cormier with a rebound.
19:35 of 3rd period - Slapshot by Jesse Puljujarvi.
19:35 of 3rd period - Shot Misses the Net.
19:37 of 3rd period - Slapshot by Nikita Okhotyuk.
19:37 of 3rd period - Deflect By Jesse Puljujarvi.
19:37 of 3rd period - Goal by Jesse Puljujarvi - Toronto St Pats : 5 - London Knights : 5.
19:37 of 3rd period - Jakub Skarek from Toronto St Pats was sent back in the game.
19:38 of 3rd period - Jake Leschyshyn wins face-off versus Curtis Douglas in neutral zone.
19:45 of 3rd period - Curtis Douglas is hit by Connor Dewar and loses puck.
19:54 of 3rd period - Snap shot by Jonathan Dahlen.
19:54 of 3rd period - Stopped by Jakub Skarek with a rebound.
Goals for this period are 2 for Toronto St Pats vs 1 for London Knights.
Shots for this period are 10 for Toronto St Pats vs 11 for London Knights.
Overtime #1
0:01 of 1st overtime period - Jonathan Dahlen wins face-off versus Jesse Puljujarvi in neutral zone.
0:04 of 1st overtime period - Slapshot by Ethan Bear.
0:04 of 1st overtime period - Goal by Ethan Bear - Toronto St Pats : 5 - London Knights : 6.
Goals for this period are 0 for Toronto St Pats vs 1 for London Knights.
Shots for this period are 0 for Toronto St Pats vs 1 for London Knights.
Back to the Top